 Dungeon Crawl Stone Soup version 0.19.0-20-gbc5f0c6 (webtiles) character file.

3537 nikopol the Cleaver (level 10, -2/96 HPs)
             Began as a Gargoyle Berserker on Nov 16, 2016.
             Was a High Priest of Trog.
             Slain by an orc warrior
             ... wielding a +0 short sword
              (14 damage)
             ... on level 8 of the Dungeon on Nov 17, 2016.
             The game lasted 00:20:20 (7943 turns).

nikopol the Cleaver (Gargoyle Berserker)            Turns: 7943, Time: 00:20:21

Health: -2/96      AC: 20    Str: 26    XL:     10   Next: 8%
Magic:  10/10      EV: 13    Int:  8    God:    Trog [*****.]
Gold:   351        SH:  0    Dex: 12    Spells: 0 memorised, 9 levels left

rFire  . . .     SeeInvis .     y - -1 war axe (curse)
rCold  . . .     Gourm    .     J - +0 scale mail
rNeg   + . .     Faith    .     (no shield)
rPois  ∞         Spirit   .     d - +2 hat
rElec  +         Reflect  .     (no cloak)
rCorr  .         Harm     .     s - +2 pair of gloves
MR     +....                    (no boots)
Stlth  ..........               x - amulet of regeneration
                                n - ring of protection from magic
                                (no ring)

@: berserking, very quick
A: negative energy resistance 1, electricity resistance, unbreathing,
petrification resistance, rot immunity, AC +7
a: Berserk, Trog's Hand, Brothers in Arms, Burn Spellbooks, Renounce Religion


You were on level 8 of the Dungeon.
You worshipped Trog.
Trog was extremely pleased with you.
You were hungry.

You visited 1 branch of the dungeon, and saw 8 of its levels.
You also visited: Sewer.

You collected 471 gold pieces.
You spent 120 gold pieces at shops.

Inventory:

Hand Weapons
 a - a +0 war axe
 j - a +0 hand axe
 y - a cursed -1 war axe (weapon)
 z - a +0 shortbow
 I - a +0 shortbow
Missiles
 p - 100 arrows (quivered)
Armour
 b - a +0 animal skin
 d - a +2 hat (worn)
 h - a +0 leather armour
 r - a +0 ring mail
 s - a +2 pair of gloves (worn)
 J - a +0 scale mail (worn)
Jewellery
 f - an uncursed ring of flight
 n - a ring of protection from magic (right hand)
 x - an amulet of regeneration (around neck)
Wands
 D - a wand of lightning (6/15)
 F - a wand of iceblast (5/15)
 H - a wand of slowing (28/48)
 K - a wand of paralysis (14/24)
Scrolls
 v - 2 scrolls of teleportation
 A - a scroll of recharging
 B - a scroll of fog
 C - 3 scrolls of fear
 E - a scroll of magic mapping
 M - a scroll of identify
Potions
 e - 2 potions of might
 g - a potion of haste {unknown}
 i - 2 potions of agility
 k - 2 potions of berserk rage
 l - a potion of cure mutation {unknown}
 q - 5 potions of heal wounds
 t - 4 potions of curing {unknown}
 w - a potion of degeneration {unknown}
Comestibles
 c - 3 bread rations
 m - a slice of pizza
 o - 2 meat rations
 u - a royal jelly
 G - a beef jerky
 L - 4 chunks of flesh


   Skills:
 + Level 7.8 Fighting
 * Level 8.3 Axes
 * Level 0.4 Bows
 + Level 7.5 Armour
 + Level 5.6 Dodging


You had 9 spell levels left.
You didn't know any spells.

Dungeon Overview and Level Annotations

Branches:
Dungeon (8/15)             Temple (0/1) D:6
   Lair: D:8-11

Altars:
Ashenzari
Elyvilon
Nemelex Xobeh
Okawaru
Trog
Zin

Shops:
D:6 *


Innate Abilities, Weirdness & Mutations

You are resistant to torment.
Your stone body is resilient. (AC +7)
You are immune to poison.
You resist negative energy. (rN+)
You are resistant to electric shocks. (rElec)
You can survive without breathing.
You are immune to petrification.
You are immune to rotting.


Message History

You closely miss the orc warrior.
The orc warrior is moderately wounded.
The orc warrior hits you but does no damage.
The orc warrior barely misses you.
A red film seems to cover your vision as you go berserk!
You feel yourself moving faster!
You feel mighty!
You are feeling hungry.
The orc warrior hits you with a short sword.
You slash the orc warrior!
The orc warrior is heavily wounded.
The orc warrior hits you with a short sword!!
* * * LOW HITPOINT WARNING * * *
You slash the orc warrior!
The orc warrior is heavily wounded.
The orc warrior hits you with a short sword.
* * * LOW HITPOINT WARNING * * *
You slash the orc warrior!
The orc warrior is almost dead.
The orc warrior hits you with a short sword!
You die...

##...##.....# #.....#.....#
+.....#.....# #.....#.....#
######'#.....####### ######
#....<.............#####.....
#..........<.......#...#.....
#........###'###...#...#.....
#........##.@.##...#...#.....
#........##.o.##...##'##.....
##.......##...###........####
#.......##...# #........#
#.......##...# #........#
#_._# #........# #####
#........# #........#
#........#


You could see an orc warrior (berserk).

Vanquished Creatures
  A cyclops (D:6)
  A hippogriff (D:7)
  Sigmund (D:3)
  Eustachio (D:4)
  A steam dragon (D:7)
  A water moccasin (D:8)
  Duvessa (D:5)
  An ice beast (D:5)
  An orc warrior (D:7)
  2 ogres (D:5)
  3 phantoms
  A centaur (D:8)
  6 big kobolds
  A bullfrog (D:7)
  Dowan (D:5)
  2 scorpions
  The ghost of dscm the Insei, a weakling OpTm (D:5)
  4 crimson imps
  A bullfrog zombie (D:7)
  3 orc wizards
  A bullfrog skeleton (D:4)
  2 hounds
  2 iguanas
  Natasha (thrice) (D:3 D:5)
  7 worker ants
  A hound zombie (D:5)
  A worker ant zombie (D:5)
  A gnoll (D:1)
  A howler monkey skeleton (D:5)
  11 adders
  2 river rats
  4 oozes
  An adder zombie (D:6)
  8 worms
  2 dart slugs (D:3)
  The ghost of dscm the Insei, a weakling OpTm (D:4)
  5 leopard geckos
  7 orcs
  4 ball pythons
  6 bats
  7 giant cockroaches
  9 goblins
  7 hobgoblins
  6 jackals
  A quokka (D:4)
  8 frilled lizards
  25 kobolds
  A quokka skeleton (D:6)
  18 rats
186 creatures vanquished.

Notes
Turn   | Place    | Note
-------+----------+-------------------------------------------
     0 | D:1      | nikopol the Gargoyle Berserker began the quest for the Orb.
     0 | D:1      | Reached XP level 1. HP: 14/14 MP: 1/1
   111 | D:1      | Reached XP level 2. HP: 14/19 MP: 2/2
   688 | D:1      | Reached XP level 3. HP: 20/23 MP: 3/3
   769 | D:1      | Reached ** piety under Trog
   907 | D:1      | HP: 1/23 [gnoll/spear (11)]
  1256 | D:1      | Reached skill level 3 in Axes
  1570 | D:1      | Reached XP level 4. HP: 29/29 MP: 4/4
  2146 | D:3      | Noticed Natasha
  2164 | D:3      | Killed Natasha
  2465 | D:3      | Reached XP level 5. HP: 28/33 MP: 5/5
  2568 | D:3      | Noticed Sigmund
  2580 | D:3      | Killed Sigmund
  2580 | D:3      | Reached XP level 6. HP: 28/39 MP: 6/6
  2798 | D:3      | Reached *** piety under Trog
  2840 | D:3      | Noticed Natasha
  2858 | D:3      | Killed Natasha
  3411 | D:4      | Reached skill level 4 in Axes
  3569 | D:4      | Reached skill level 5 in Fighting
  3569 | D:4      | Reached XP level 7. HP: 44/44 MP: 7/7
  3863 | D:4      | Noticed Eustachio
  3922 | D:4      | Killed Eustachio
  3942 | D:4      | Noticed dscm's ghost (weakling OpTm)
  3954 | D:4      | Killed dscm's ghost
  3995 | D:5      | Entered Level 5 of the Dungeon
  4019 | D:5      | Noticed dscm's ghost (weakling OpTm)
  4026 | D:5      | Killed dscm's ghost
  4148 | D:5      | Found a sparkling altar of Nemelex Xobeh.
  4166 | D:5      | Reached skill level 5 in Axes
  4166 | D:5      | Reached skill level 5 in Armour
  4391 | D:5      | Noticed Natasha
  4411 | D:5      | Killed Natasha
  4411 | D:5      | Reached XP level 8. HP: 24/50 MP: 8/8
  4779 | D:5      | Reached **** piety under Trog
  4836 | D:5      | Noticed Dowan
  4837 | D:5      | Noticed Duvessa
  4868 | D:5      | Killed Duvessa
  4871 | D:5      | Killed Dowan
  5049 | D:5      | Reached skill level 6 in Axes
  5656 | D:6      | Noticed a cyclops
  5699 | D:6      | Killed a cyclops
  5699 | D:6      | Reached XP level 9. HP: 56/56 MP: 9/9
  5786 | D:6      | Found Bonotzai's Assorted Antiques.
  5797 | D:6      | Bought 2 scrolls labeled POGAOD OPSYIDOI for 60 gold pieces
  5797 | D:6      | Bought a scroll labeled ZACVYT GEEJEATWI for 30 gold pieces
  5797 | D:6      | Bought a scroll labeled FULOEN GAPS for 30 gold pieces
  5830 | D:6      | Found a glowing drain.
  5837 | D:6      | Reached skill level 7 in Axes
  5848 | Sewer    | Entered a sewer
  6460 | Sewer    | Reached skill level 5 in Dodging
  6503 | Sewer    | Reached ***** piety under Trog
  6711 | D:6      | Found a staircase to the Ecumenical Temple.
  7056 | D:7      | Found a white marble altar of Elyvilon.
  7416 | D:7      | Reached skill level 8 in Axes
  7451 | D:7      | Found a shattered altar of Ashenzari.
  7456 | D:7      | Saw a vision of the Shoals and the Spider Nest.
  7456 | D:7      | Noticed a wolf spider
  7456 | D:7      | Noticed a siren
  7456 | D:7      | Noticed a siren
  7456 | D:7      | Noticed a sea snake
  7456 | D:7      | Noticed a merfolk
  7456 | D:7      | Noticed a merfolk
  7456 | D:7      | Noticed a siren
  7456 | D:7      | Noticed a merfolk
  7456 | D:7      | Noticed a wolf spider
  7696 | D:8      | Reached XP level 10. HP: 64/64 MP: 10/10
  7820 | D:8      | Found a glowing silver altar of Zin.
  7931 | D:8      | Found a bloodstained altar of Trog.
  7932 | D:8      | Found an iron altar of Okawaru.
  7943 | D:8      | Slain by an orc warrior

Skill      XL: |  1  2  3  4  5  6  7  8  9 |
---------------+----------------------------+-----
Dodging        | 2 3 4 5 |  5.6
Armour         | 3 4 5 6 7 |  7.5
Axes           | 3 4 5 6 8 |  8.3
Fighting       | 4 5 6 7 |  7.8
Bows           | |  0.4

Action                   |  1- 3 |  4- 6 |  7- 9 | 10-12 || total
-------------------------+-------+-------+-------+-------++-------
Melee: Hand axe          |   114 |   148 |       |       ||   262
       War axe           |       |    55 |   597 |    33 ||   685
Invok: Berserk           |     1 |     2 |     6 |     1 ||    10
       Burn Spellbooks   |       |     1 |     1 |       ||     2
  Use: Scroll            |       |     4 |     8 |       ||    12
 Stab: Sleeping          |     1 |     1 |       |       ||     2
  Eat: Chunk             |     3 |     7 |    19 |     1 ||    30
       Pizza             |       |     1 |     1 |       ||     2
Armor: Animal skin       |    37 |    20 |       |       ||    57
       Leather armour    |       |    78 |   127 |       ||   205
       Ring mail         |       |       |   162 |       ||   162
       Scale mail        |       |       |     4 |    23 ||    27
Dodge: Dodged            |    71 |   130 |   386 |    18 ||   605
